 Dungeon Crawl Stone Soup version 0.19-a0-1291-gc8f5409 (webtiles) character file.

30 PurpleRed the Conjurer (level 3, -1/19 HPs)
             Began as a Deep Elf Conjurer on Aug 30, 2016.
             Slain by an adder (3 damage)
             ... on level 4 of the Dungeon.
             The game lasted 00:04:27 (490 turns).

PurpleRed the Conjurer (Deep Elf Conjurer)           Turns: 490, Time: 00:04:27

Health: -1/19      AC:  2    Str:  5    XL:     3   Next: 3%
Magic:  5/10       EV: 11    Int: 20    God:
Gold:   82         SH:  0    Dex: 15    Spells: 2 memorised, 6 levels left

rFire  . . .     SeeInvis .     o - +0 quarterstaff
rCold  . . .     Gourm    .     a - +0 robe
rNeg   . . .     Faith    .     (shield currently unavailable)
rPois  .         Spirit   .     (no helmet)
rElec  .         Dismiss  .     (no cloak)
rCorr  .         Reflect  .     (no gloves)
MR     .....     Harm     .     (no boots)
Stlth  ++........               (no amulet)
                                (no ring)
                                l - -2 ring of evasion

@: lethally poisoned (-1 -> -4), flying, invisible
A: no striking features
a: no special abilities


You were on level 4 of the Dungeon.
You were not hungry.

You visited 1 branch of the dungeon, and saw 5 of its levels.

You collected 82 gold pieces.

Inventory:

Hand Weapons
 e - a +0 whip
 o - a +0 quarterstaff (weapon)
Missiles
 j - 13 curare-tipped needles
Armour
 a - a +0 robe (worn)
Jewellery
 l - a -2 ring of evasion (left hand)
Scrolls
 k - a scroll of blinking
Potions
 h - a potion of flight
 i - a potion of lignification {unknown}
 m - a potion of curing {unknown}
Books
 b - a book of Conjurations

   Spells                             Type                      Level
   a - Magic Dart                     Conjuration                  1
   b - Searing Ray                    Conjuration                  2
   c - Dazzling Spray                 Conjuration/Hexes            3
   d - Fulminant Prism                Conjuration/Hexes            4
   e - Iskenderun's Mystic Blast      Conjuration                  4
   f - Iskenderun's Battlesphere      Conjuration/Charms           5
Comestibles
 c - 2 bread rations
 d - a beef jerky
 g - a meat ration


   Skills:
 - Level 2.4 Dodging
 - Level 2.4 Stealth
 + Level 3.8 Spellcasting
 * Level 5.1 Conjurations


You had 6 spell levels left.
You knew the following spells:

 Your Spells              Type           Power        Failure   Level  Hunger
a - Magic Dart            Conj           ###.         1%          1    None
b - Searing Ray           Conj           ###...       2%          2    ##.....


Dungeon Overview and Level Annotations

Branches:
Dungeon (5/15)
 Temple: D:4-7

Altars:
Ru

Annotations:
D:4 PurpleRed's ghost, weakling DECj
D:5 Eustachio


Message History

* * * LOW HITPOINT WARNING * * *
You are lethally poisoned!
The adder poisons you!
PurpleRed's ghost (weakling Deep Elf Conjurer) comes into view.
It is wielding a weapon of protection.
The searing ray misses the adder.
* * * LOW HITPOINT WARNING * * *
You feel sick. The adder closely misses you. The adder barely misses you.
The searing ray misses the adder.
You finish channeling your searing ray.
The adder closely misses you.
* * * LOW HITPOINT WARNING * * *
You feel sick.
PurpleRed's ghost turns its malevolent gaze towards you.
It was a potion of flight.
You feel very buoyant.
You fly up into the air.
The adder closely misses you.
It was a potion of invisibility.
You fade into invisibility!
* * * LOW HITPOINT WARNING * * *
You feel sick. The adder closely misses you. The adder bites you.
You die...

###.#
#.####..#.####.
....# #.#
#.........
.....# #.#
##.#.####.
####.# #.# #.#
# # #.# #.# #.#
#.# #.#####.#.#
#.........#
#####@##### #S#
#...........#
#.###.#####.#
#W# #.# #.. ##.
.


You could see PurpleRed's ghost and an adder.

Vanquished Creatures
  An adder (D:3)
  A worm (D:5)
  A dart slug (D:1)
  A giant gecko (D:3)
  A bat (D:2)
  A goblin (D:3)
  2 hobgoblins (D:1)
  2 jackals (D:2)
  A giant newt (D:1)
  3 kobolds
  2 rats (D:1)
16 creatures vanquished.

Notes
Turn   | Place    | Note
-------+----------+-------------------------------------------
     0 | D:1      | PurpleRed the Deep Elf Conjurer began the quest for the Orb.
     0 | D:1      | Reached XP level 1. HP: 10/10 MP: 6/6
    92 | D:1      | Reached XP level 2. HP: 13/15 MP: 0/8
    96 | D:1      | Learned a level 2 spell: Searing Ray
   210 | D:3      | Reached skill level 5 in Conjurations
   286 | D:4      | Found a sacrificial altar of Ru.
   402 | D:5      | Entered Level 5 of the Dungeon
   407 | D:5      | Reached XP level 3. HP: 17/19 MP: 6/10
   419 | D:5      | Noticed Eustachio
   486 | D:4      | Noticed PurpleRed's ghost (weakling DECj)
   490 | D:4      | Slain by an adder

Vault maps used:
D:1:      evilmike_arrival_crescent
D:3:      minmay_statues_item, minivault_26, uniq_crazy_yiuf_cottage,
          uniq_grinder, uniq_terence
D:4:      old_forge, zin_scriptorium, first_bread, serial_bayou_pond_a,
          nicolae_ru_path_of_blood
D:5:      minitemple, columned_hall_lemuel, uniq_eustachio

Skill      XL: |  1  2 |
---------------+-------+-----
Conjurations   | 5 |  5.1
Dodging        | |  2.4
Stealth        | |  2.4
Spellcasting   | |  3.8

Action                   || total
-------------------------++-------
Melee: Whip              ||     7
 Cast: Magic Dart        ||    22
       Searing Ray       ||     4
  Use: Scroll            ||     3
       Potion            ||     2
Armor: Robe              ||     3
Dodge: Dodged            ||    23
